 Dungeon Crawl Stone Soup version 0.29-a0-370-gb5314be063 (webtiles) character file.

Game seed: 449135070506361216

98 Colgate the Sneak (level 5, 0/30 HPs)
             Began as a Kobold Brigand on May 2, 2022.
             Was a Follower of Qazlal.
             Slain by a gnoll
             ... wielding a +0 flail of protection
              (8 damage)
             ... on level 3 of the Dungeon.
             The game lasted 00:05:39 (3170 turns).

Colgate the Sneak (Kobold Brigand)                  Turns: 3170, Time: 00:05:39

Health: 0/30       AC:  4    Str:  9    XL:     5   Next: 0%
Magic:  14/14      EV: 14    Int: 12    God:    Qazlal [*.....]
Gold:   21         SH:  2    Dex: 18    Spells: 4/4 levels left

rFire   . . .      SeeInvis .   a - +2 dagger
rCold   . . .      Faith    .   q - orb {light}
rNeg    . . .      Spirit   .   b - +0 robe
rPois   .          Reflect  .   (no helmet)
rElec   .          Harm     .   c - +0 cloak
rCorr   +          Rampage  .   r - +0 pair of gloves
Will    .....                   (no boots)
Stlth   ++........              (no amulet)
HPRegen 0.10/turn               h - ring of resist corrosion
MPRegen 0.14/turn               l - ring of magical power

@: glowing
A: small, no large weapons, nightstalker 3
a: Renounce Religion


You were on level 3 of the Dungeon.
You worshipped Qazlal.
Qazlal was aware of your devotion.
You visited 1 branch of the dungeon, and saw 3 of its levels.

You collected 75 gold pieces.
You spent 54 gold pieces at shops.

Inventory:

Hand Weapons
 a - a +2 dagger (weapon)
Missiles
 d - 9 poisoned darts (quivered)
 e - 3 curare-tipped darts
Armour
 b - a +0 robe (worn)
 c - a +0 cloak (worn)
 q - an orb of light (worn)
 r - a +0 pair of gloves (worn)
Jewellery
 h - a ring of resist corrosion (left hand)
 l - a ring of magical power (right hand)
Wands
 v - a wand of digging (4) {@v3}
Scrolls
 g - 2 scrolls of noise
 j - 2 scrolls of identify {unknown}
 k - a scroll of brand weapon {unknown}
 n - a scroll of blinking {unknown}
 p - a scroll of teleportation {unknown}
 u - a scroll of enchant armour {unknown}
 w - a scroll of magic mapping {unknown}
 y - a scroll of fear {unknown}
Potions
 f - a potion of lignification {unknown}
 i - a potion of flight {unknown}
 m - 2 potions of curing {unknown}
 o - 2 potions of heal wounds {unknown}
 s - 2 potions of attraction {unknown}
 t - a potion of ambrosia {unknown}
 x - a potion of degeneration {unknown}


   Skills:
 - Level 2.1 Fighting
 - Level 4.4 Short Blades
 - Level 2.1 Throwing
 - Level 1.2 Dodging
 - Level 5.3 Stealth
 + Level 3.1 Unarmed Combat


You had 4 spell levels left.
You didn't know any spells.
Your spell library contained the following spells:

 Spells                   Type           Power      Damage    Failure   Level
 Cause Fear               Hex            0%         N/A       97%         4
 Dragon Form              Tmut           0%         N/A       100%        7
 Dragon's Call            Summ           0%         N/A       100%        9


Dungeon Overview and Level Annotations

Branches:
Dungeon (3/15)

Altars:
Fedhas
Qazlal

Shops:
D:2 [*


Innate Abilities, Weirdness & Mutations

You are small and have problems with some larger weapons.
You are completely attuned to the shadows.


Message History

You hit the worm but do no damage. The worm bites you.
You hit the worm. You hit the worm. The worm closely misses you.
You hit the worm.
You kill the worm!
Qazlal accepts your kill.
You have reached level 5!
You feel stronger.
No target in view!
HP restored.
You now have 21 gold pieces (gained 13).
A gnoll comes into view. It is wielding a +0 spear.
A gnoll is nearby!
Found a stone staircase leading down.
A gnoll comes into view.
It is wielding a +0 flail of protection.
The gnoll hits you with a +0 spear.
There are monsters nearby!
You hit the gnoll.
A gnoll comes into view. It is wielding a +0 whip.
The gnoll hits you with a +0 spear.
There are monsters nearby!
You barely miss the gnoll.
The gnoll shouts!
There are monsters nearby!
You hit the gnoll.
There are monsters nearby!
You hit the gnoll.
A gnoll comes into view. It is wielding a +0 halberd.
The gnoll barely misses you.
There are monsters nearby!
The gnoll shouts!
You hit the gnoll.
The gnoll hits you with a +0 flail of protection.
The gnoll hits you with a +0 spear.
There are monsters nearby!
The gnoll hits you from afar with a +0 spear!
* * * LOW HITPOINT WARNING * * *
The gnoll attacks as you move away!
The gnoll hits you with a +0 flail of protection!
You die...

#...>'.. ###....#..
..........
.........##.
.......g.....
...........#.
......gg.....
.....g....####
....@........#
.............#
##.#####.....#
#######.# #.....#
#....##.#####.....#
#.................#
#........####....##
#........# #....#
#........## #....#


You could see 4 gnolls.

Vanquished Creatures
  2 gnolls (D:2)
  2 adders (D:2)
  2 worms
  2 dart slugs
  6 ball pythons
  2 endoplasms
  2 giant cockroaches
  5 goblins
  2 hobgoblins (D:1)
  5 jackals (D:1)
  6 quokkas
  3 bats
  2 frilled lizards
  A kobold (D:2)
  6 rats
48 creatures vanquished.

Vanquished Creatures (others)
  15 plants (D:2)
15 creatures vanquished.

Grand Total: 63 creatures vanquished

Notes
Turn   | Place    | Note
-------+----------+-------------------------------------------
     0 | D:1      | Colgate the Kobold Brigand began the quest for the Orb.
     0 | D:1      | Reached XP level 1. HP: 12/12 MP: 1/1
   211 | D:1      | Reached XP level 2. HP: 17/17 MP: 2/2
   625 | D:1      | Found a faded altar of an unknown god.
   646 | D:1      | Prayed at the altar of an unknown god.
   646 | D:1      | Became a worshipper of Qazlal Stormbringer
   646 | D:1      | Reached * piety under Qazlal
   665 | D:1      | Reached XP level 3. HP: 17/21 MP: 3/3
  1192 | D:2      | Found a blossoming altar of Fedhas.
  1258 | D:2      | Reached skill level 1 in Unarmed Combat
  1740 | D:2      | Found Bennas's Armour Shop.
  1746 | D:2      | Bought a +0 pair of gloves for 54 gold pieces
  2002 | D:2      | Reached XP level 4. HP: 26/26 MP: 4/4
  2051 | D:2      | Found Teutief's Assorted Antiques.
  3137 | D:3      | Reached XP level 5. HP: 29/30 MP: 5/5
  3170 | D:3      | Slain by a gnoll

Illustrated notes

Levels and vault maps discovered:
D:1:      minmay_arrival_open_corners, layout_loops_ring,
          hellmonk_ecumenical_altar_leap_of_faith, minmay_pentomino_q4
D:2:      wad_woods_tower, layout_basic, basic_altar, serial_shops, shop,
          nicolae_lakefront_shop, grunt_ministairs_13,
          kennysheep_cluttered_room, dreamdust_mushroom_princess
D:3:      layout_basic, ebering_ghost_rock_garden

Skill      XL: |  1  2  3  4 |
---------------+-------------+-----
Short Blades   | 3 4 |  4.4
Unarmed Combat | 2 3 |  3.1
Fighting       | |  2.1
Throwing       | |  2.1
Dodging        | |  1.2
Stealth        | |  5.3

Action                   |  1- 3 |  4- 6 || total
-------------------------+-------+-------++-------
Melee: Dagger            |   108 |    51 ||   159
       Punch             |     4 |       ||     4
  Use: Scroll            |       |     1 ||     1
 Stab: Sleeping          |     9 |       ||     9
Armor: Robe              |    16 |     6 ||    22
Dodge: Dodged            |    56 |    21 ||    77
Block: Other             |     4 |       ||     4
       Orb               |     1 |     4 ||     5

Table legend: (Time is in decaauts)
 A = Elapsed time spent in this place.
 B = Non-inter-level travel time spent in this place.
 C = Inter-level travel time spent in this place.
 D = Time resting spent in this place.
 E = Time spent auto-exploring this place.
 F = Levels seen in this place.
 G = Mean time per level.
                   A        B        C        D        E       F      G
               +--------+--------+--------+--------+--------+-----+--------+
         Total |   3135 |   3010 |    125 |     97 |   2559 |   3 | 1045.0 |
       Dungeon |   3135 |   3010 |    125 |     97 |   2559 |   3 | 1045.0 |
               +--------+--------+--------+--------+--------+-----+--------+

Top non-repeatable levels by time:
     D:2: 1856 daAuts
     D:1: 1174 daAuts
     D:3: 104 daAuts
